 Dungeon Crawl Stone Soup version 0.28.0-53-g5a82cb258f (webtiles) character file.

Game seed: 13131992852348708639

885 Infinimo the Skirmisher (level 8, 0/84 HPs)
             Began as an Ogre Berserker on June 3, 2022.
             Was a Believer of Trog.
             Slain by a sky beast (5 damage)
             ... on level 5 of the Dungeon.
             The game lasted 00:05:57 (6624 turns).

Infinimo the Skirmisher (Ogre Berserker)            Turns: 6624, Time: 00:05:58

Health: 0/84       AC:  5    Str: 24    XL:     8   Next: 5%
Magic:  8/8        EV: 10    Int:  8    God:    Trog [**....]
Gold:   751        SH:  0    Dex:  8    Spells: 7/7 levels left

rFire   . . .      SeeInvis .   n - +0 morningstar
rCold   . . .      Faith    .   (no shield)
rNeg    . . .      Spirit   .   b - +0 animal skin
rPois   +          Reflect  .   a - +1 hat of the Two of Pentacles {Rampage Fly}
rElec   .          Harm     .   o - +0 cloak
rCorr   .          Rampage  +   (gloves unavailable)
Will    .....                   (boots unavailable)
Stlth   +.........              (no amulet)
HPRegen 0.24/turn               p - ring of poison resistance
MPRegen 0.11/turn               (no ring)

@: mighty, on berserk cooldown, flying, studying Long Blades
A: large, unfitting armour, tough skin 1
a: Renounce Religion, Berserk, Trog's Hand


You were on level 5 of the Dungeon.
You worshipped Trog.
Trog was pleased with you.
You visited 1 branch of the dungeon, and saw 6 of its levels.

You collected 751 gold pieces.

Inventory:

Hand Weapons
 n - a +0 morningstar (weapon)
Missiles
 d - 12 poisoned darts (quivered)
Armour
 a - the +1 hat of the Two of Pentacles (worn) {Rampage Fly}
   (You acquired it on level 4 of the Dungeon)

   Fly:       It grants you flight.
   Rampage:   It bestows one free step when moving towards enemies.
 b - a +0 animal skin (worn)
 o - a +0 cloak (worn)
Jewellery
 p - a ring of poison resistance (left hand)
Scrolls
 g - a scroll of vulnerability
 i - 2 scrolls of blinking {unknown}
 l - 2 scrolls of torment {unknown}
 r - a scroll of enchant armour {unknown}
 s - a scroll of noise {unknown}
 t - a scroll of identify
Potions
 e - 2 potions of heal wounds {unknown}
 f - a potion of attraction
 h - a potion of invisibility {unknown}
 j - 2 potions of curing {unknown}
 k - a potion of resistance
 m - a potion of mutation {unknown}
 q - a potion of flight {unknown}


   Skills:
 + Level 6.9 Fighting
 * Level 6.3 Maces & Flails
 + Level 4.8 Dodging


You had 7 spell levels left.
You didn't know any spells.
Your spell library was empty.

Dungeon Overview and Level Annotations

Branches:
Dungeon (6/15)             Temple (0/1) D:5

Altars:
Ashenzari
Fedhas
Nemelex Xobeh
Okawaru
Uskayaw
Vehumet
Wu Jian
Yredelemnul


Innate Abilities, Weirdness & Mutations

You are too large for most types of armour.
You have tough skin. (AC +1)


Message History

You barely miss the orc. Something hits you. Something shocks you.
The orc hits you but does no damage.
A sky beast appears from thin air!
Reactivating autopickup.
The sky beast barely misses you. The orc hits you but does no damage.
You closely miss the orc.
The sky beast flickers out of sight!
Deactivating autopickup; reactivate with Ctrl-A.
Something hits you. Something shocks you. The orc hits you with a +0 dagger.
Something hits you but does no damage. The orc closely misses you.
Something hits you. Something shocks you.
* * * LOW HITPOINT WARNING * * *
The orc barely misses you.
Okay, then.
You feel very mighty all of a sudden. Something hits you.
* * * LOW HITPOINT WARNING * * *
Something shocks you.
* * * LOW HITPOINT WARNING * * *
The orc completely misses you.
You impale the orc!!
You kill the orc!
Trog accepts your kill. Something hits you.
* * * LOW HITPOINT WARNING * * *
Something shocks you.
* * * LOW HITPOINT WARNING * * *
Something hits you but does no damage.
Unknown command.
Okay, then.
Okay, then.
You closely miss something.
You feel yourself speed up.
A sky beast appears from thin air!
Reactivating autopickup.
The sky beast hits you but does no damage.
The sky beast flickers out of sight!
Deactivating autopickup; reactivate with Ctrl-A.
Something hits you.
* * * LOW HITPOINT WARNING * * *
Something shocks you.
You die...

# #.#.##.# ##..........#.#
###.#.##.######....##..##.#.#
......##.........#.##.......#
##...##########.......###.###
#...# ##.########.## #...# #.#
#...#### ###.# #.# #.#....# #.#
##+## #...##.# #.# ##.@.##
######.# #.### ##.){..## ####.#
#.#.## ##..>....## ##.##.#
####....####...≈.....####...#.#
...........+..≈......'........#
#####...####...≈.....####.....#
# ##.## ##.......## ##.#.##
######.#######.....## ###.#
#.#.#.#)#.#.#.#.#.## #.#


There were no monsters in sight!

Vanquished Creatures
  A water moccasin (D:5)
  A black bear (D:5)
  A necrophage (D:5)
  A scorpion (D:5)
  A water moccasin skeleton (D:5)
  A centaur zombie (D:5)
  A hound (D:5)
  2 iguanas
  4 jellies
  Crazy Yiuf (D:4)
  An orc wizard (D:3)
  A hound skeleton (D:4)
  Robin (D:2)
  3 adders
  A shadow imp (D:5)
  A white imp (D:5)
  2 worms (D:2)
  2 dart slugs
  15 orcs
  8 ball pythons
  5 endoplasms
  A giant cockroach (D:3)
  14 goblins
  15 hobgoblins
  6 jackals
  10 kobolds
  A quokka (D:5)
  6 bats
  4 frilled lizards
  6 rats
117 creatures vanquished.

Notes
Turn   | Place    | Note
-------+----------+-------------------------------------------
     0 | D:1      | Infinimo the Ogre Berserker began the quest for the Orb.
     0 | D:1      | Reached XP level 1. HP: 24/24 MP: 1/1
   212 | D:1      | Reached XP level 2. HP: 31/32 MP: 2/2
   526 | D:1      | Reached XP level 3. HP: 37/40 MP: 3/3
   835 | D:1      | Found a faded altar of an unknown god.
  1173 | D:2      | Reached ** piety under Trog
  1229 | D:2      | Noticed Robin
  1550 | D:2      | Killed Robin
  1551 | D:2      | Reached XP level 4. HP: 49/49 MP: 4/4
  2900 | D:3      | Reached skill level 5 in Fighting
  2900 | D:3      | Reached XP level 5. HP: 34/57 MP: 5/5
  3294 | D:3      | Found a sparkling altar of Nemelex Xobeh.
  3480 | D:3      | Found a hide-covered altar of Uskayaw.
  4075 | D:4      | Reached XP level 6. HP: 55/66 MP: 6/6
  4083 | D:4      | Identified 2 scrolls of acquirement
  4083 | D:4      | Acquired the +1 hat of the Two of Pentacles {Rampage Fly}
  4090 | D:4      | Acquired 450 gold pieces
  4584 | D:4      | Found a runed translucent door.
  4585 | D:4      | Noticed Crazy Yiuf
  4808 | D:4      | Killed Crazy Yiuf
  4926 | D:5      | Entered Level 5 of the Dungeon
  5076 | D:5      | Found a staircase to the Ecumenical Temple.
  5226 | D:5      | Noticed a necrophage
  5236 | D:5      | Killed a necrophage
  5237 | D:5      | Reached skill level 5 in Maces & Flails
  5293 | D:5      | Reached XP level 7. HP: 47/75 MP: 7/7
  5782 | D:5      | Found an iron altar of Okawaru.
  5782 | D:5      | Found a basalt altar of Yredelemnul.
  5790 | D:5      | Found a radiant altar of Vehumet.
  5792 | D:5      | Found a broken altar of Ashenzari.
  5795 | D:5      | Found a blossoming altar of Fedhas.
  6119 | D:5      | Found an ornate altar of the Wu Jian Council.
  6133 | D:5      | Reached XP level 8. HP: 37/84 MP: 8/8
  6624 | D:5      | Slain by a sky beast

Illustrated notes

Levels and vault maps discovered:
D:1:      lemuel_arrival_river_ford, layout_basic,
          hellmonk_ecumenical_altar_leap_of_faith
D:2:      layout_basic, uniq_robin
D:3:      layout_basic, nicolae_uskayaw_suspiria,
          mainiacjoe_overflow_six_doors_small, serial_glass, glass_columns_c,
          glass_columns_b
D:4:      layout_basic, minmay_crystal_room, uniq_crazy_yiuf_cottage
D:5:      cheibrodos_iron_armory, layout_loops_corners,
          mainiacjoe_overflow_alcove_2, chequers_temple_overflow_minitemple,
          minmay_temple_entry_mist, st_stairs_13, minmay_manual_mullet
D:6:      lemuel_castle_with_subvaults [lemuel_castle_interior_carwin_2],
          layout_rooms, nicolae_elyvilon_temple_path, ebering_ghost_inner_flame

Skill      XL: |  1  2  3  4  5  6  7 |
---------------+----------------------+-----
Maces & Flails | 3 4 5 6 |  6.3
Dodging        | 3 4 |  4.8
Fighting       | 5 6 |  6.9

Action                   |  1- 3 |  4- 6 |  7- 9 || total
-------------------------+-------+-------+-------++-------
Melee: Mace              |   120 |   165 |       ||   285
       Punch             |     2 |     2 |     1 ||     5
       Morningstar       |       |    51 |    63 ||   114
Invok: Berserk           |     6 |    10 |     4 ||    20
  Use: Scroll            |     1 |     6 |       ||     7
       Potion            |       |       |     1 ||     1
 Stab: Sleeping          |       |     1 |     1 ||     2
Armor: Animal skin       |    42 |    65 |    32 ||   139
Dodge: Dodged            |    68 |   134 |    30 ||   232
